 Dungeon Crawl Stone Soup version 0.18-b1-18-g7758cf2 (webtiles) character file.

2440 juanjsm the Covert (level 9, -1/41 HPs)
             Began as a Spriggan Venom Mage on Apr 30, 2016.
             Was a Follower of Vehumet.
             Slain by Fannar
             ... wielding an uncursed staff of cold
              (4 damage)
             ... on level 10 of the Dungeon on May 2, 2016.
             The game lasted 01:10:13 (10694 turns).

juanjsm the Covert (Spriggan Venom Mage)           Turns: 10694, Time: 01:10:14

Health: -1/41      AC: 13    Str:  4    XL:     9   Next: 25%
Magic:  0/21       EV: 23    Int: 20    God:    Vehumet [*.....]
Gold:   511        SH:  0    Dex: 16    Spells: 5 memorised, 8 levels left

rFire  . . .     SeeInvis +     A - +2 dagger (protect)
rCold  . . .     Gourm    .     a - +0 robe
rNeg   . . .     Faith    .     (shield restricted)
rPois  +         Spirit   +     (helmet restricted)
rElec  .         Dismiss  .     o - +2 cloak {rPois}
rCorr  .         Reflect  .     (gloves unavailable)
SustAt +         Harm     .     (boots unavailable)
MR     +....                    r - amulet of guardian spirit
Stlth  +++++.....               J - +3 ring of protection
                                B - ring of sustain attributes

@: very quick, somewhat resistant to hostile enchantments, quite stealthy
A: unfitting armour, see invisible, herbivore 3, speed 3, slow metabolism 2
a: Renounce Religion


You were on level 10 of the Dungeon.
You worshipped Vehumet.
Vehumet was aware of your devotion.
You were full.

You visited 2 branches of the dungeon, and saw 12 of its levels.

You collected 511 gold pieces.

Inventory:

Hand Weapons
 y - a cursed -2 hunting sling
 A - a +2 dagger of protection (weapon)
Missiles
 d - 395 stones (quivered)
 w - 80 sling bullets
Armour
 a - a +0 robe (worn)
 o - a +2 cloak of poison resistance (worn)
 O - a +0 buckler
Jewellery
 r - an amulet of guardian spirit (around neck)
 u - an uncursed amulet of harm
 x - an uncursed amulet of rage
 B - a ring of sustain attributes (left hand)
 J - a +3 ring of protection (right hand)
 U - an uncursed ring of fire
Wands
 k - a wand of disintegration (24/24)
 M - a wand of slowing (16/48)
 S - a wand of paralysis (11/24)
 T - a wand of lightning (3/15)
Scrolls
 e - a scroll of immolation
 f - a scroll of identify
 j - a scroll of teleportation
 l - a scroll of remove curse
 m - a scroll of amnesia
 p - 2 scrolls of enchant weapon
 E - 2 scrolls of recharging
 K - a scroll of blinking {unknown}
 R - a scroll of summoning {unknown}
Potions
 i - a potion of flight {unknown}
 n - 3 potions of heal wounds
 q - a potion of cancellation {unknown}
 t - 3 potions of brilliance
 v - 2 potions of agility {unknown}
 z - a potion of lignification {unknown}
 F - 5 potions of curing
 G - 2 potions of invisibility {unknown}
 H - a potion of haste {unknown}
 I - 2 potions of ambrosia
 N - a potion of resistance {unknown}
 Q - a potion of might {unknown}
Books
 b - a Young Poisoner's Handbook

   Spells                             Type                      Level
   a - Sting                          Conjuration/Poison           1
   b - Cure Poison                    Poison                       2
   c - Mephitic Cloud                 Conjuration/Poison/Air       3
   d - Olgreb's Toxic Radiance        Poison                       4
   e - Venom Bolt                     Conjuration/Poison           5
Comestibles
 c - 6 bread rations
 h - 3 slices of pizza


   Skills:
 + Level 1.0 Fighting
 + Level 1.3 Short Blades
 * Level 8.4 Dodging
 * Level 9.3 Stealth
 * Level 2.5 Shields
 * Level 7.6 Spellcasting
 * Level 3.1 Conjurations
 + Level 0.5 Air Magic
 + Level 5.8 Poison Magic


You had 8 spell levels left.
You knew the following spells:

 Your Spells              Type           Power        Failure   Level  Hunger
a - Sting                 Conj/Pois      ####         1%          1    None
b - Cure Poison           Pois           ####......   1%          2    None
c - Mephitic Cloud        Conj/Pois/Air  ###.....     10%         3    None
d - Olgreb's Toxic Radia  Pois           ####....     10%         4    ###....
e - Venom Bolt            Conj/Pois      ####......   45%         5    #####..


Dungeon Overview and Level Annotations

Branches:
Dungeon (11/15)            Temple (1/1) D:6
   Lair: D:8-11         Orc: D:9-12

Altars:
Ashenzari
Dithmenos
Elyvilon
Fedhas
Gozag
Kikubaaqudgha
Makhleb
Nemelex Xobeh
Okawaru
Pakellas
Qazlal
Ru
Sif Muna
Trog
Vehumet
Xom
Yredelemnul
Zin
The Shining One

Annotations:
D:3 Natasha
D:5 Edmund
D:8 Erolcha
D:10 Fannar


Innate Abilities, Weirdness & Mutations

You are tiny and cannot use many weapons and most armour.
You have supernaturally acute eyesight.
You are a herbivore.
You cover ground extremely quickly.
You need consume almost no food.


Message History

An orc comes into view. It is wielding a short sword.
Found 4 fruits and a gnarled glowing staff.
An orc comes into view. It is wielding a flail.
Found a long sword and a scroll of teleportation.
You see here 15 stones.
The orc shouts!
The orc shouts!
Fannar the Cold-Hearted comes into view.
He is wielding a staff of cold.
The hound stops to sniff the ground.
A crimson imp comes into view.
The wolf stops to sniff the ground.
The helpless Fannar fails to defend himself.
You spit Fannar like a pig!!!
Fannar is heavily wounded.
The wolf closely misses you.
The crimson imp blinks!
Fannar glares icily.
Fannar hits you with a staff of cold.
* * * LOW HITPOINT WARNING * * *
Fannar freezes you!
You die...

... #......... ....
#.?....... ....
#.......|.
.....#.)%......
....#......o.. #
......o.$.[..
#.#########.........
#5e@h.F..oh.........
###########........(
#.........
##########


You could see Fannar, a wolf, a giant frog, a hound, a crimson imp and an orc.

Vanquished Creatures
  A hippogriff (D:7)
  A black bear (D:7)
  A sky beast (D:9)
  An orc warrior (D:7)
  An eye of draining (D:8)
  5 centaurs
  2 wolves (D:10)
  2 ogres
  A big kobold (D:8)
  2 giant frogs
  2 gnoll sergeants
  A scorpion (D:6)
  2 hounds
  5 orc wizards
  A jelly (D:10)
  Crazy Yiuf (D:4)
  6 orc priests
  3 worker ants
  A hound zombie (D:10)
  Robin (D:3)
  A worker ant zombie (D:9)
  9 gnolls
  8 adders
  An adder zombie (D:6)
  An adder skeleton (D:7)
  4 worms
  A dart slug (D:4)
  5 giant geckos
  19 orcs
  9 bats
  8 giant cockroaches
  14 goblins
  11 hobgoblins
  6 jackals
  7 quokkas
  2 ball pythons (D:4)
  A giant gecko skeleton (D:8)
  7 giant newts
  A jackal skeleton (D:4)
  6 kobolds
  A quokka zombie (D:8)
  7 rats
  A fungus (D:4)
170 creatures vanquished.

Vanquished Creatures (others)
  A lightning spire (D:6)
  2 bushes (D:6)
3 creatures vanquished.

Grand Total: 173 creatures vanquished

Notes
Turn   | Place    | Note
--------------------------------------------------------------
     0 | D:1      | juanjsm the Spriggan Venom Mage began the quest for the Orb.
     0 | D:1      | Reached XP level 1. HP: 9/9 MP: 5/5
   408 | D:1      | Reached XP level 2. HP: 13/13 MP: 2/6
   412 | D:1      | Learned a level 2 spell: Cure Poison
   770 | D:2      | Found an opulent altar of Gozag.
   793 | D:2      | Reached XP level 3. HP: 16/16 MP: 0/8
   798 | D:2      | Learned a level 3 spell: Mephitic Cloud
   870 | D:2      | Found a stormy altar of Qazlal.
   968 | D:2      | Found a deep blue altar of Sif Muna.
  1026 | D:2      | Reached skill level 4 in Stealth
  1064 | D:2      | Found a glowing silver altar of Zin.
  1136 | D:2      | Reached XP level 4. HP: 21/21 MP: 1/10
  1643 | D:2      | Found a bloodstained altar of Trog.
  1846 | D:3      | Learned a level 4 spell: Olgreb's Toxic Radiance
  2125 | D:3      | Noticed Robin
  2340 | D:3      | HP: 1/21 [Robin/falchion of protection (7)]
  2693 | D:3      | Noticed Natasha
  2745 | D:3      | Found a shattered altar of Ashenzari.
  2795 | D:4      | Reached skill level 5 in Dodging
  2795 | D:4      | Reached XP level 5. HP: 18/24 MP: 0/12
  3002 | D:3      | Reached skill level 1 in Conjurations
  3221 | D:3      | Killed Robin
  3267 | D:3      | Found a blossoming altar of Fedhas.
  3563 | D:5      | Entered Level 5 of the Dungeon
  3743 | D:4      | Found an oddly glowing altar of Pakellas.
  3743 | D:4      | Found a sparkling altar of Nemelex Xobeh.
  3744 | D:4      | Found a white marble altar of Elyvilon.
  3870 | D:4      | Noticed a phantom
  4267 | D:4      | Noticed Crazy Yiuf
  4273 | D:4      | Killed Crazy Yiuf
  4273 | D:4      | Reached skill level 5 in Stealth
  4273 | D:4      | Reached XP level 6. HP: 28/28 MP: 13/13
  4747 | D:5      | Reached skill level 6 in Stealth
  4760 | D:5      | Reached skill level 5 in Spellcasting
  4805 | D:5      | Noticed Edmund
  5093 | D:6      | Noticed a sky beast
  5130 | D:6      | Noticed an ice beast
  5400 | D:6      | Found an oddly glowing altar of Pakellas.
  5401 | D:6      | Noticed a cyclops
  5536 | D:6      | Reached XP level 7. HP: 22/32 MP: 1/15
  5882 | D:6      | Found a staircase to the Ecumenical Temple.
  5891 | Temple   | Entered the Ecumenical Temple
  5908 | Temple   | Became a worshipper of Vehumet
  6135 | D:7      | Reached skill level 7 in Stealth
  6135 | D:7      | Reached skill level 5 in Poison Magic
  6310 | D:7      | Learned a level 5 spell: Venom Bolt
  6455 | D:7      | Reached skill level 1 in Short Blades
  6455 | D:7      | Reached XP level 8. HP: 37/37 MP: 10/18
  6635 | D:7      | Reached skill level 1 in Shields
  6794 | D:7      | Reached skill level 8 in Stealth
  7340 | D:8      | Found an ancient bone altar of Kikubaaqudgha.
  7360 | D:8      | Noticed Erolcha
  7621 | D:8      | Reached * piety under Vehumet
  7621 | D:8      | Offered knowledge of Flame Tongue by Vehumet.
  8891 | D:8      | Reached XP level 9. HP: 21/40 MP: 1/21
  8932 | D:8      | Noticed a catoblepas
  9105 | D:9      | Upgraded the game from 0.18-b1-14-g029dad2 to 0.18-b1-18-g7758cf2
  9781 | D:9      | Noticed a purple ugly thing
  9861 | D:9      | Reached skill level 9 in Stealth
 10048 | D:10     | Entered Level 10 of the Dungeon
 10302 | D:11     | Noticed a cyan ugly thing
 10537 | D:10     | Reached skill level 1 in Fighting
 10625 | D:10     | Noticed a hill giant
 10687 | D:10     | Noticed Fannar
 10694 | D:10     | Slain by Fannar

Skill      XL: |  1  2  3  4  5  6  7  8  9 |
---------------+----------------------------+-----
Spellcasting   | 3 4 5 6 7 |  7.6
Dodging        | 4 5 6 7 8 |  8.4
Stealth        | 4 5 6 7 8 9 |  9.3
Conjurations   | 1 2 3 |  3.1
Poison Magic   | 5 |  5.8
Short Blades   | 1 |  1.3
Shields        | 2 |  2.5
Fighting       | 1 |  1.0
Air Magic      | |  0.5

Action                   |  1- 3 |  4- 6 |  7- 9 || total
-------------------------+-------+-------+-------++-------
Melee: Dagger            |    47 |   233 |   212 ||   492
       Unarmed           |     1 |       |       ||     1
 Cast: Sting             |    50 |   146 |   146 ||   342
       Mephitic Cloud    |       |     7 |    12 ||    19
       Olgreb's Toxic Ra |       |     2 |     2 ||     4
       Cure Poison       |       |     1 |     6 ||     7
       Venom Bolt        |       |       |     3 ||     3
  Use: Scroll            |       |       |    17 ||    17
       Potion            |       |       |     5 ||     5
 Stab: Sleeping          |     6 |    15 |    19 ||    40
       Confused          |       |     4 |     4 ||     8
       Distracted        |       |       |     1 ||     1
  Eat: Fruit             |       |     2 |     5 ||     7
       Pizza             |       |       |     6 ||     6
Armor: Robe              |    16 |    28 |    42 ||    86
Dodge: Dodged            |    71 |   161 |   284 ||   516
